 Dungeon Crawl Stone Soup version 0.29-a0-321-gf1c400731a (webtiles) character file.

Game seed: 5370444291230104374

20 bjtr the Grasshopper (level 2, -2/14 HPs)
             Began as a Spriggan Warper on Apr 4, 2022.
             Slain by an adder (3 damage)
             ... on level 2 of the Dungeon.
             The game lasted 00:04:24 (1508 turns).

bjtr the Grasshopper (Spriggan Warper)              Turns: 1508, Time: 00:04:25

Health: -2/14      AC:  2    Str:  7    XL:     2   Next: 58%
Magic:  6/6        EV: 18    Int: 14    God:
Gold:   48         SH:  0    Dex: 14    Spells: 4/6 levels left

rFire   . . .      SeeInvis +   a - +0 short sword
rCold   . . .      Faith    .   (no shield)
rNeg    . . .      Spirit   .   b - +0 robe
rPois   .          Reflect  .   (helmet restricted)
rElec   .          Harm     .   (no cloak)
rCorr   .          Rampage  .   (gloves unavailable)
Will    .....                   (boots unavailable)
Stlth   +.........              (no amulet)
HPRegen 0.04/turn               (no ring)
MPRegen 0.10/turn               (no ring)

@: brilliant, lethally poisoned (-2 -> -3), flying, very quick
A: very small, no large weapons, unfitting armour, see invisible, speed 3
a: no special abilities


You were on level 2 of the Dungeon.
You visited 1 branch of the dungeon, and saw 2 of its levels.

You collected 48 gold pieces.

Inventory:

Hand Weapons
 a - a +0 short sword (weapon)
 i - a +0 trident
 k - a +2 war axe of freezing
Missiles
 d - 7 boomerangs of dispersal (quivered)
 e - 6 atropa-tipped darts
 h - 4 stones
Armour
 b - a +0 robe (worn)
Magical Staves
 g - a staff of poison
Scrolls
 c - a scroll of blinking
Potions
 f - a potion of brilliance


   Skills:
 + Level 1.6 Fighting
 + Level 2.4 Short Blades
 - Level 1.0 Throwing
 + Level 3.7 Dodging
 + Level 0.2 Stealth
 + Level 2.8 Spellcasting
 + Level 4.9 Translocations


You had 4 spell levels left.
You knew the following spells:

 Your Spells              Type           Power      Damage    Failure   Level
a - Blink                 Tloc           46%        N/A       4%          2

Your spell library contained the following spells:

 Spells                   Type           Power      Damage    Failure   Level
 Gell's Gravitas          Tloc           23%        N/A       9%          3
 Lesser Beckoning         Tloc           23%        N/A       9%          3
 Teleport Other           Tloc           23%        N/A       9%          3
 Ensorcelled Hibernation  Hex/Ice        6%         N/A       32%         2
 Passwall                 Tmut/Erth      2%         N/A       32%         2
 Swiftness                Air            3%         N/A       54%         3
 Manifold Assault         Tloc           23%        N/A       63%         5


Dungeon Overview and Level Annotations

Branches:
Dungeon (2/15)

Altars:


Innate Abilities, Weirdness & Mutations

You are very small and have problems with some larger weapons.
You are too small for most types of armour.
You have supernaturally acute eyesight. (SInv)
You cover ground extremely quickly. (Speed+++)


Message History

The hobgoblin shouts!
A ball python comes into view.
A kobold comes into view. It is wielding a +0 dagger.
You start waiting.
A hobgoblin is nearby!
You hit the hobgoblin.
You kill the hobgoblin!
You see here a hobgoblin corpse.
A kobold is nearby!
You see here a hobgoblin corpse.
You start waiting.
A kobold is nearby!
The kobold hits you with a +0 dagger.
You hit the kobold.
The kobold is moderately wounded.
The kobold hits you with a +0 dagger.
You hit the kobold.
You kill the kobold!
You see here a +0 dagger.
An adder comes into view.
You closely miss the adder. The adder completely misses you.
You hit the adder but do no damage. The adder bites you.
You are lethally poisoned!
The adder poisons you! The adder closely misses you.
You barely miss the adder.
You feel sick. The adder completely misses you.
Found a scroll of fog.
You feel sick.
* * * LOW HITPOINT WARNING * * *
You feel sick.
* * * LOW HITPOINT WARNING * * *
You feel sick.
It was a potion of brilliance.
You feel clever all of a sudden.
* * * LOW HITPOINT WARNING * * *
You feel sick.
It was a potion of flight.
You feel very buoyant.
You fly up into the air.
* * * LOW HITPOINT WARNING * * *
You feel sick. The adder bites you.
You die...

.. .##########
# ......... .#
# #...#...##.#
#.#..........#
.............
# ##......#
#.#...@..?#
#.#.###S#.#
#...)S....#
###.###.#...#
########†#
#.#.###
#<.......# #.#
# ##########
#.# #.# #.#


You could see an adder.

Vanquished Creatures
  2 ball pythons (D:1)
  3 endoplasms (D:1)
  2 hobgoblins
  2 jackals (D:1)
  A quokka (D:1)
  2 bats (D:1)
  A frilled lizard (D:1)
  3 kobolds
  3 rats (D:1)
19 creatures vanquished.

Notes
Turn   | Place    | Note
-------+----------+-------------------------------------------
     0 | D:1      | bjtr the Spriggan Warper began the quest for the Orb.
     0 | D:1      | Reached XP level 1. HP: 10/10 MP: 5/5
   586 | D:1      | Reached XP level 2. HP: 14/14 MP: 6/6
   589 | D:1      | Learned a level 2 spell: Blink
  1508 | D:2      | Slain by an adder

Illustrated notes

Levels and vault maps discovered:
D:1:      wander_arrival_estate, layout_loops_ring, solitary_fountain
D:2:      layout_basic, ebering_ecumenical_altar_mist,
          kennysheep_cluttered_room, uniq_natasha

Action                   || total
-------------------------++-------
Melee: Short sword       ||    82
  Use: Potion            ||     2
       Scroll            ||     1
 Stab: Sleeping          ||     2
Armor: Robe              ||     5
Dodge: Dodged            ||    59

Table legend: (Time is in decaauts)
 A = Elapsed time spent in this place.
 B = Non-inter-level travel time spent in this place.
 C = Inter-level travel time spent in this place.
 D = Time resting spent in this place.
 E = Time spent auto-exploring this place.
 F = Levels seen in this place.
 G = Mean time per level.
                   A        B        C        D        E       F      G
               +--------+--------+--------+--------+--------+-----+--------+
         Total |   1256 |   1248 |      8 |    392 |    626 |   2 |  628.0 |
       Dungeon |   1256 |   1248 |      8 |    392 |    626 |   2 |  628.0 |
               +--------+--------+--------+--------+--------+-----+--------+

Top non-repeatable levels by time:
     D:1: 1145 daAuts
     D:2: 110 daAuts
